 Dungeon Crawl Stone Soup version bcrawl-1.19.1 (webtiles) character file.

Game seed: 4235091009510327525

5918 mahrnol the Thaumaturge (level 10, -4/50 HPs)
             Began as a Skeleton Conjurer on Nov 29, 2019.
             Was a Believer of Sif Muna.
             Shot with an arrow by a centaur (6 damage)
             ... on level 8 of the Dungeon.
             The game lasted 01:14:51 (8006 turns).

mahrnol the Thaumaturge (Skeleton Conjurer)         Turns: 8006, Time: 01:14:51

Health: -4/50      AC:  8    Str: 14      XL:     10   Next: 53%
Magic:  0/28       EV: 13    Int: 18      God:    Sif Muna [**....]
Gold:   440        SH:  0    Dex:  7 (9)  Spells: 23/37 levels left

rFire    . . .     SeeInvis .   A - +5 dagger (freeze)
rCold    + . .     Gourm    .   (no shield)
rNeg     + + +     Faith    .   a - +0 robe
rPois    ∞         Spirit   +   p - +0 helmet
rElec    .         Reflect  .   l - +0 cloak (curse)
rCorr    .         Harm     .   (no gloves)
MR       +....                  B - +0 pair of boots
Stlth    ++........             i - amulet of magic regeneration
HPRegen  0.16/turn              C - +3 ring of protection
MPRegen  0.46/turn              (no ring)

@: no status effects
A: no food or potions, cold resistance 1, deterioration 1, negative energy
resistance 3, powered by death 1, torment resistance, unbreathing, magic shield,
sturdy frame 2, spell healing
a: Divine Energy, Renounce Religion


You were on level 8 of the Dungeon.
You worshipped Sif Muna.
Sif Muna was pleased with you.
You were not hungry.

You visited 2 branches of the dungeon, and saw 9 of its levels.
You also visited: Ossuary.

You collected 440 gold pieces.

Inventory:

Hand Weapons
 n - a +0 hunting sling
 t - a +0 hand crossbow
 x - a +0 arbalest
 z - a +2 dagger of electrocution
 A - a +5 dagger of freezing (weapon)
Missiles
 h - a throwing net (quivered) {!f}
 j - 147 poisoned needles
 o - 777 stones
 u - 93 bolts
Armour
 a - a +0 robe (worn)
 l - a cursed +0 cloak (worn)
 p - a +0 helmet (worn)
 B - a +0 pair of boots (worn)
Jewellery
 i - an amulet of magic regeneration (around neck)
 s - a +2 amulet of reflection
 v - an uncursed amulet of the acrobat
 C - a +3 ring of protection (left hand)
Wands
 b - a wand of flame (25)
 y - a wand of polymorph (8)
Scrolls
 c - 2 scrolls of enchant armour
 d - 6 scrolls of teleportation
 e - 2 scrolls of amnesia {unknown}
 f - 6 scrolls of blinking {unknown}
 g - a scroll of fear
 k - 7 scrolls of identify
 m - 4 scrolls of magic mapping {unknown}
 q - 4 scrolls of remove curse
 r - a scroll of enchant weapon {unknown}
 w - 2 scrolls of fog {unknown}
 D - a scroll of noise {unknown}


   Skills:
 + Level 3.7 Dodging
 + Level 4.3 Stealth
 + Level 14.4 Spellcasting
 + Level 11.4 Conjurations
 + Level 2.9 Hexes
 * Level 3.5 Earth Magic


You had 23 spell levels left.
You knew the following spells:

 Your Spells              Type           Power        Failure   Level  Hunger
a - Magic Dart            Conj           ####         1%          1    N/A
b - Searing Ray           Conj           ######       1%          2    N/A
c - Iskenderun's Mystic   Conj           ######..     1%          3    N/A
d - Fulminant Prism       Conj/Hex       #####.....   2%          4    N/A
e - Petrify               Tmut/Erth      ###.....     24%         4    N/A

Your spell library contained the following spells:

 Spells                   Type           Power        Failure   Level  Hunger
 Dazzling Spray           Conj/Hex       #####.       1%          3    N/A
 Confuse                  Hex            ###.....     4%          3    N/A
 Irradiate                Conj/Tmut      ####......   13%         5    N/A
 Yara's Violent Unravell  Hex/Tmut       ###.......   26%         4    N/A
 Metabolic Englaciation   Hex/Ice        ###.......   58%         5    N/A
 Mana Rupture             Conj/Hex       #####.....   92%         7    N/A

Dungeon Overview and Level Annotations

Branches:
Dungeon (8/12)             Temple (1/1) D:5
   Lair: D:7-9          Orc: D:8-11

Altars:
Ashenzari
Cheibriados
Dithmenos
Elyvilon
Gozag
Hepliaklqana
Lugonu
Makhleb
Nemelex Xobeh
Okawaru
Qazlal
Ru
Sif Muna
Trog
Uskayaw
Vehumet
Wu Jian
Xom
Yredelemnul
Zin
The Shining One

Shops:
D:6 =

Annotations:
D:4 3 runed translucent doors, MeekVeins's ghost, amateur DjRe
D:7 2 transporters
D:8 exclusion: gargoyle, Harold


Innate Abilities, Weirdness & Mutations

You do not eat or drink.
You are immune to poison.
Your flesh is cold resistant. (rC+)
Your body sometimes deteriorates upon taking damage.
You are immune to negative energy. (rN+++)
You regenerate a little health from kills.
You are immune to unholy pain and torment.
You can survive without breathing.
When hurt, damage is shared between your health and your magic reserves.
Your movements are less encumbered by armour. (ER -4)
Casting spells heals you.


Message History

Your fulminant prism crackles loudly.
The centaur shoots an arrow.
The arrow hits your fulminant prism!
Your fulminant prism explodes!
The blast of energy engulfs the orc priest.
The orc priest is lightly wounded.
The centaur shoots an arrow.
The arrow barely misses you.
You see here a troll corpse.
The orc wizard gestures wildly while chanting.
The orc wizard flickers and vanishes!
Deactivating autopickup; reactivate with Ctrl-A.
The orc priest invokes the aid of Beogh against you.
Beogh smites you!
* * * LOW HITPOINT WARNING * * *
The centaur shoots an arrow.
The arrow hits you.
* * * LOW HITPOINT WARNING * * *
The centaur shoots an arrow.
The arrow closely misses you.
The centaur shoots an arrow.
The arrow hits you.
* * * LOW HITPOINT WARNING * * *
The centaur shoots an arrow.
The arrow hits you!
You die...

##.......†......# #..##
##.. .......#.###.o.##
#...#####.. .....###.#
##c.## #.........#
....## ### ##..#
##.......... ....# #..#
##..#######.. ....#
##.## ##..## #.† ....#
#..###..## ##. ....#
#.†#...## #. ....#
##.@...## #. #.....##
###. #......# ###...
.........# ###.....
..........# ####.....##
##.........###.......##
#...................##
....###...###......##
## ....# #####..#


You could see a centaur and an orc priest.

Vanquished Creatures
  A manticore (D:7)
  A troll (D:8)
  Grinder (D:3)
  Prince Ribbit (D:7)
  A hippogriff (D:4)
  Sigmund (D:2)
  A hungry ghost (D:7)
  Menkaure (D:4)
  A water moccasin (D:8)
  3 sky beasts
  An ice beast (D:5)
  2 orc warriors
  A phantom (D:7)
  A black bear (D:7)
  A necrophage (D:8)
  4 ogres
  A centaur (D:7)
  7 bullfrogs
  16 scorpions
  3 wights (D:6)
  A howler monkey (D:5)
  5 crimson imps
  2 centaur zombies
  2 quasits (D:7)
  2 hounds
  3 jellies (D:2)
  6 orc wizards
  A centaur skeleton (D:5)
  3 orc priests
  2 bullfrog skeletons
  3 human zombies (Ossuary)
  Ijyb (D:5)
  2 iguanas
  6 worker ants
  2 big kobold zombies (Ossuary)
  A hound skeleton (D:7)
  3 mummies
  A howler monkey skeleton (D:5)
  4 adders
  4 scorpion zombies (Ossuary)
  2 shadow imps
  14 oozes
  An adder skeleton (D:4)
  2 adder zombies
  8 dart slugs
  3 worms
  4 leopard geckos
  26 orcs
  7 giant cockroaches
  A gnoll zombie (Ossuary)
  6 goblins
  13 hobgoblins
  6 jackals
  6 quokkas
  3 bats
  2 frilled lizards
  4 hobgoblin zombies (Ossuary)
  A jackal skeleton (D:7)
  15 kobolds
  4 kobold zombies (Ossuary)
  A quokka skeleton (D:5)
  A quokka zombie (D:5)
  3 rats
236 creatures vanquished.

Vanquished Creatures (others)
  A mummy (Ossuary)
  A goblin zombie (Ossuary)
  16 fulminant prisms
  3 fungi
  2 plants (D:4)
  10 toadstools (D:2)
33 creatures vanquished.

Grand Total: 269 creatures vanquished

Notes
Turn   | Place    | Note
-------+----------+-------------------------------------------
     0 | D:1      | mahrnol the Skeleton Conjurer began the quest for the Orb.
     0 | D:1      | Reached XP level 1. HP: 10/10 MP: 4/4
    88 | D:1      | Reached skill level 5 in Conjurations
   276 | D:1      | Reached XP level 2. HP: 15/15 MP: 0/6
   576 | D:1      | Learned a level 2 spell: Searing Ray
   821 | D:1      | Reached XP level 3. HP: 19/19 MP: 0/8
  1246 | D:2      | Reached skill level 4 in Spellcasting
  1281 | D:2      | Learned a level 3 spell: Iskenderun's Mystic Blast
  1708 | D:2      | Reached skill level 5 in Spellcasting
  1749 | D:2      | Reached XP level 4. HP: 24/24 MP: 6/11
  2256 | D:2      | Reached XP level 5. HP: 25/28 MP: 8/13
  2256 | D:2      | Reached skill level 6 in Spellcasting
  2484 | D:2      | Noticed Sigmund
  2491 | D:2      | Killed Sigmund
  2491 | D:2      | Reached skill level 7 in Spellcasting
  2491 | D:2      | Gained mutation: You regenerate a little health from kills.
                  | [Skeleton growth]
  2491 | D:2      | Reached XP level 6. HP: 12/32 MP: 2/16
  2736 | D:3      | Noticed Grinder
  2859 | D:3      | Killed Grinder
  2859 | D:3      | Reached skill level 8 in Spellcasting
  2859 | D:3      | Reached XP level 7. HP: 29/36 MP: 5/19
  3091 | D:3      | Reached skill level 9 in Spellcasting
  3604 | D:4      | Found a runed translucent gate.
  3604 | D:4      | Found a runed translucent gate.
  3606 | D:4      | Found a runed translucent gate.
  3606 | D:4      | Noticed MeekVeins's ghost (amateur DjRe)
  3653 | D:4      | Noticed Menkaure
  3661 | D:4      | Killed Menkaure
  3667 | D:4      | Found a sand-covered staircase.
  3693 | Ossuary  | Entered an ossuary
  3714 | Ossuary  | Reached skill level 10 in Spellcasting
  3775 | Ossuary  | Reached XP level 8. HP: 38/41 MP: 9/22
  3999 | Ossuary  | Reached skill level 11 in Spellcasting
  4572 | D:4      | Reached skill level 12 in Spellcasting
  4575 | D:4      | Noticed a hippogriff
  4582 | D:4      | Killed a hippogriff
  4641 | D:4      | Reached XP level 9. HP: 45/45 MP: 22/25
  4952 | D:5      | Entered Level 5 of the Dungeon
  5113 | D:5      | Found a staircase to the Ecumenical Temple.
  5121 | Temple   | Entered the Ecumenical Temple
  5233 | Temple   | Became a worshipper of Sif Muna the Loreminder
  5445 | D:5      | Noticed Ijyb
  5451 | D:5      | Killed Ijyb
  5681 | D:6      | Learned a level 4 spell: Fulminant Prism
  5719 | D:6      | Found Micit's Jewellery Emporium.
  5727 | D:6      | Reached skill level 1 in Hexes
  5736 | D:6      | Reached skill level 10 in Conjurations
  5838 | D:6      | Reached * piety under Sif Muna
  5838 | D:6      | Reached skill level 13 in Spellcasting
  6393 | D:6      | Reached ** piety under Sif Muna
  6448 | D:7      | Received a gift from Sif Muna
  6455 | D:7      | Learned a level 4 spell: Petrify
  6646 | D:7      | Reached skill level 1 in Earth Magic
  6646 | D:7      | Gained mutation: Your movements are less encumbered by
                  | armour. (ER -4) [Skeleton growth]
  6646 | D:7      | Reached XP level 10. HP: 46/50 MP: 15/27
  6706 | D:7      | Found a transporter.
  6858 | D:7      | Found a transporter.
  6946 | D:7      | Noticed a manticore
  6970 | D:7      | Killed a manticore
  6970 | D:7      | Reached skill level 14 in Spellcasting
  7293 | D:7      | Noticed Prince Ribbit
  7304 | D:7      | Killed Prince Ribbit
  7391 | D:7      | Found a shadowy altar of Dithmenos.
  7472 | D:8      | Noticed Harold
  7625 | D:8      | Noticed a gargoyle
  8004 | D:8      | HP: 2/50 [centaur/arrow (3)]
  8006 | D:8      | Shot with an arrow by a centaur

Skill      XL: |  1  2  3  4  5  6  7  8  9 10 |
---------------+-------------------------------+-----
Conjurations   | 5 6 7 8 10 11 | 11.4
Spellcasting   | 5 7 8 10 12 13 14 | 14.4
Stealth        | 3 4 |  4.3
Dodging        | 3 |  3.7
Hexes          | 2 |  2.9
Earth Magic    | 1 3 |  3.5

Action                   |  1- 3 |  4- 6 |  7- 9 | 10-12 || total
-------------------------+-------+-------+-------+-------++-------
Melee: Unarmed           |     2 |     1 |       |       ||     3
 Cast: Magic Dart        |   100 |    45 |   214 |    74 ||   433
       Searing Ray       |     4 |    14 |    73 |    27 ||   118
       Iskenderun's Myst |       |     5 |    16 |       ||    21
       Fulminant Prism   |       |       |     6 |    11 ||    17
       Petrify           |       |       |       |     2 ||     2
  Use: Scroll            |       |     5 |       |       ||     5
Armor: Robe              |     1 |     4 |    38 |    14 ||    57
Dodge: Dodged            |     9 |    11 |    75 |    37 ||   132
